 Dungeon Crawl Stone Soup version 0.25.0-11-g1f837a76a1 (webtiles) character file.

Game seed: 10990830438503796227

3131 Flugkiller the Covert (level 9, -2/42 (44) HPs)
             Began as a Spriggan Enchanter on June 26, 2020.
             Was a Believer of Dithmenos.
             Hit by a large rock thrown by a cyclops (38 damage)
             ... on level 11 of the Dungeon.
             The game lasted 00:20:57 (7303 turns).

Flugkiller the Covert (Spriggan Enchanter)          Turns: 7303, Time: 00:20:57

HP:   -2/42 (44)    AC:  3    Str:  4    XL:     9   Next: 61%
MP:   13/16         EV: 25    Int: 16    God:    Dithmenos [**....]
Gold: 393           SH:  0    Dex: 20    Spells: 8/16 levels left

rFire    . . .     SeeInvis +   f - +4 dagger (freeze)
rCold    + . .     Gourm    .   (shield restricted)
rNeg     . . .     Faith    .   w - +1 robe {MR+}
rPois    .         Spirit   .   (helmet restricted)
rElec    .         Reflect  .   (no cloak)
rCorr    .         Harm     .   (gloves unavailable)
MR       ++...                  (boots unavailable)
Stlth    +++++++...             (no amulet)
HPRegen  0.14/turn              z - ring of protection from cold
MPRegen  0.15/turn              s - ring of wizardry

@: wreathed by umbra, very quick
A: very small, unfitting armour, see invisible, herbivore, speed 3, slow
metabolism 2
a: Shadow Step, Renounce Religion


You were on level 11 of the Dungeon.
You worshipped Dithmenos.
Dithmenos was pleased with you.
You were not hungry.

You visited 2 branches of the dungeon, and saw 12 of its levels.

You collected 473 gold pieces.
You spent 80 gold pieces at shops.

Inventory:

Hand Weapons
 f - a +4 dagger of freezing (weapon)
   (You took it off a goblin on level 1 of the Dungeon)
 r - the +9 hunting sling of Resourcefulness {vorpal, rPois rC+, unknown}
   (You found it on level 4 of the Dungeon)

   Any stone fired from it inflicts extra damage.
   It protects you from cold.
   It protects you from poison.
 u - a +4 dagger of chaos
   (You took it off Psyche on level 9 of the Dungeon)
 B - a +2 dagger of venom
   (You took it off Sonja on level 10 of the Dungeon)
Missiles
 j - 8 datura-tipped darts (quivered)
 C - 4 curare-tipped darts
Armour
 w - a +1 robe of magic resistance (worn)
   (You took it off Psyche on level 9 of the Dungeon)
Magical Staves
 n - an uncursed staff of wizardry {unknown}
   (You found it on level 4 of the Dungeon)
Jewellery
 o - a cursed ring of teleportation
   (You took it off an orc priest on level 8 of the Dungeon)
 s - a ring of wizardry (right hand)
   (You found it on level 4 of the Dungeon)
 z - a ring of protection from cold (left hand)
   (You found it on level 8 of the Dungeon)
Wands
 i - a wand of enslavement (6)
   (You found it on level 7 of the Dungeon)
 t - a wand of digging (7)
   (You found it on level 6 of the Dungeon)
 y - a wand of paralysis (12)
   (You found it on level 8 of the Dungeon)
 A - a wand of random effects (9)
   (You found it on level 10 of the Dungeon)
Scrolls
 h - 3 scrolls of remove curse
 p - 2 scrolls of immolation
 q - 2 scrolls of teleportation
Potions
 a - 4 potions of heal wounds
 b - 2 potions of stabbing
 c - 9 potions of curing
 e - a potion of invisibility {unknown}
 g - 2 potions of flight
 k - 2 potions of might
 l - a potion of lignification {unknown}
 m - 3 potions of brilliance
 x - a potion of cancellation
Comestibles
 d - 11 rations


   Skills:
 + Level 3.1 Fighting
 + Level 4.2 Short Blades
 + Level 8.2 Dodging
 - Level 12.0 Stealth
 + Level 4.3 Spellcasting
 + Level 8.1 Hexes
 - Level 6.0 Evocations


You had 8 spell levels left.
You knew the following spells:

 Your Spells              Type           Power        Failure   Level  Hunger
b - Ensorcelled Hibernat  Hex/Ice        ###...       1%          2    ##.....
c - Confusing Touch       Hex            ####....     1%          3    ###....
d - Tukima's Dance        Hex            ####....     1%          3    ###....

Your spell library contained the following spells:

 Spells                   Type           Power        Failure   Level  Hunger
 Corona                   Hex            ####...      1%          1    None
 Dazzling Flash           Conj/Hex       ###...       3%          3    ###....
 Sting                    Tmut/Pois      #...         6%          1    None
 Poisonous Vapours        Pois/Air       #.....       10%         2    ##.....
 Ignite Poison            Fire/Tmut/Pois #.......     19%         3    ###....
 Mephitic Cloud           Conj/Pois/Air  #.......     19%         3    ###....
 Olgreb's Toxic Radiance  Pois           #.......     52%         4    ####...


Dungeon Overview and Level Annotations

Branches:
Dungeon (11/15)            Temple (1/1) D:7            Lair (0/6) D:8
    Orc: D:9-12

Altars:
Ashenzari
Dithmenos
Fedhas
Gozag
Kikubaaqudgha
Makhleb
Nemelex Xobeh
Okawaru
Ru
Sif Muna
Trog
Uskayaw
Wu Jian
Xom
Yredelemnul

Shops:
D:4 *   D:9 [**

Annotations:
D:2 Natasha
D:3 2 transporters, emikaela's ghost, amateur DECK
D:5 exclusion: 2 slaves, Eustachio
D:7 exclusion: ogre
D:9 exclusion: ogre, Maggie
D:10 Fannar; Joseph


Innate Abilities, Weirdness & Mutations

You are very small and have problems with some larger weapons.
You are too small for most types of armour.
You have supernaturally acute eyesight. (SInv)
You are a herbivore.
You cover ground extremely quickly.
You need to consume almost no food.


Message History

A sky beast and a shadow imp come into view.
The orc shouts! x3; You hear a shout!
The orc completely misses you.
The orc shouts!
You barely miss the orc.
You hear a shout! x2
The orc throws a boomerang.
The boomerang completely misses you.
The weapon returns to the orc!
The orc completely misses you.
Casting: Ensorcelled Hibernation (safe; 1% risk of failure)
Confirm with . or Enter, or press ? or * to list all spells.
Aiming: Ensorcelled Hibernation (safe; 1% risk of failure)
Press: ? - help, Shift-Dir - straight line, f - orc
Aim: an orc, wielding a -3 short sword (umbra, chance to defeat MR: 64%)
The orc looks drowsy...
The helpless orc fails to defend itself.
You perforate the orc like a sieve!!!! You freeze the orc.
You kill the orc!
Dithmenos accepts your kill.
Casting: Ensorcelled Hibernation (safe; 1% risk of failure)
Confirm with . or Enter, or press ? or * to list all spells.
Aiming: Ensorcelled Hibernation (safe; 1% risk of failure)
Press: ? - help, Shift-Dir - straight line, f - orc
Aim: an orc, wielding a +0 dagger (umbra, chance to defeat MR: 64%)
The orc resists with significant effort.
The orc hits you from afar with a +0 trident!
The orc hits you but does no damage.
You hit the orc. You freeze the orc.
You kill the orc!
Dithmenos accepts your kill. The orc misses you.
An orc comes into view. It is wielding a +0 club.
The orc throws a boomerang.
The boomerang closely misses you.
The weapon returns to the orc!
Press: ? - help, v - describe, . - travel, g - get item
Here: an orc, wielding a +1 dagger of venom, wearing a +0 chain mail and quivering 3 boomerangs A +0 dagger.
There is something else lying underneath.
The floor.
Unknown command.
A cyclops comes into view.
A molten gargoyle comes into view. It is wielding a +0 flail.
A molten gargoyle comes into view. It is wielding a +0 flail.
Found a potion of curing.
The cyclops shouts!
There is a stone staircase leading up here.
The orc completely misses you. The sky beast misses you.
The cyclops throws a large rock.
The large rock hits you!!!
Ouch! That really hurt!
You die...

...r...........#9≈
....rC........#.≈
......$........#
.......#......#
#............#
#..$....5..#
##.....### ..
#....#...#####..
#...@#ooo#......
##..Yo..........
#.......#......
#.....)##.%....
#........o.....
#..#.........?.
##.#......#....
#####....# ..#
######


You could see a cyclops, a sky beast, a shadow imp, an orc and a quokka
(wandering).

Vanquished Creatures
  Sonja (D:10)
  Psyche (D:9)
  A hungry ghost (D:10)
  An orc warrior (D:8)
  A black bear (D:6)
  A necrophage (D:5)
  An ogre (D:5)
  A centaur (D:6)
  A big kobold (D:8)
  4 bullfrogs
  5 killer bees
  2 wights (D:6)
  A howler monkey (D:6)
  2 crimson imps
  A hound (D:8)
  2 jellies (D:7)
  7 orc wizards
  9 orc priests
  A bullfrog skeleton (D:8)
  An iguana (D:4)
  8 worker ants
  A hound zombie (D:10)
  A hound skeleton (D:9)
  A worker ant zombie (D:6)
  4 adders
  2 oozes
  An adder skeleton (D:6)
  A worm (D:3)
  2 leopard geckos
  31 orcs
  2 bats
  2 giant cockroaches
  3 goblins (D:1)
  2 hobgoblins
  4 jackals (D:7)
  3 kobolds
  2 quokkas
  A ball python (D:6)
  A frilled lizard (D:3)
  A jackal skeleton (D:5)
  A leopard gecko zombie (D:5)
  A quokka skeleton (D:7)
  3 rats (D:3)
122 creatures vanquished.

Vanquished Creatures (collateral kills)
  An ogre (D:6)
  A quokka (D:8)
2 creatures vanquished.

Vanquished Creatures (others)
  2 dancing weapons (D:6)
2 creatures vanquished.

Grand Total: 126 creatures vanquished

Notes
Turn   | Place    | Note
-------+----------+-------------------------------------------
     0 | D:1      | Flugkiller the Spriggan Enchanter began the quest for the
                  | Orb.
     0 | D:1      | Reached XP level 1. HP: 9/9 MP: 5/5
   445 | D:1      | You fall into a shaft and drop 1 floor!
   486 | D:2      | Reached skill level 5 in Stealth
   486 | D:2      | Reached XP level 2. HP: 13/13 MP: 4/6
   622 | D:1      | Learned a level 2 spell: Ensorcelled Hibernation
   625 | D:2      | Noticed Natasha
   628 | D:2      | Reached skill level 6 in Stealth
  1218 | D:3      | Reached XP level 3. HP: 14/16 MP: 8/8
  1295 | D:3      | You fall into a shaft and drop 2 floors!
  1295 | D:5      | Entered Level 5 of the Dungeon
  1323 | D:5      | Noticed a necrophage
  1323 | D:5      | Noticed an ogre
  1369 | D:5      | Noticed Eustachio
  1577 | D:4      | Found Gozag's Platinum Reserve.
  1602 | D:4      | Reached skill level 7 in Stealth
  1880 | D:3      | Reached XP level 4. HP: 19/19 MP: 6/9
  1923 | D:3      | Reached skill level 8 in Stealth
  1953 | D:3      | Found a transporter.
  1953 | D:3      | Noticed emikaela's ghost (amateur DECK)
  1988 | D:3      | Found a transporter.
  2050 | D:4      | Reached XP level 5. HP: 21/22 MP: 4/11
  2066 | D:4      | Found an opulent altar of Gozag.
  2177 | D:4      | Learned a level 3 spell: Confusing Touch
  2181 | D:4      | Learned a level 3 spell: Tukima's Dance
  2192 | D:4      | Got a smoking hunting sling
  2393 | D:5      | Noticed a slave
  2393 | D:5      | Noticed a slave
  2542 | D:5      | Killed a necrophage
  2542 | D:5      | Reached skill level 5 in Hexes
  2561 | D:5      | Reached XP level 6. HP: 26/26 MP: 11/13
  3171 | D:7      | Found a staircase to the Ecumenical Temple.
  3175 | D:7      | Noticed an ice beast
  3180 | Temple   | Entered the Ecumenical Temple
  3239 | Temple   | Became a worshipper of Dithmenos the Shadowed
  3331 | D:5      | Reached XP level 7. HP: 30/30 MP: 3/14
  3858 | D:6      | Found an opulent altar of Gozag.
  3932 | D:6      | Reached skill level 1 in Fighting
  4265 | D:6      | Reached skill level 5 in Dodging
  4270 | D:6      | Reached XP level 8. HP: 31/37 MP: 10/15
  4462 | D:6      | Reached * piety under Dithmenos
  5046 | D:8      | Noticed a death yak
  5046 | D:8      | Noticed a death yak
  5345 | D:8      | Found a bloodstained altar of Trog.
  5390 | D:8      | Reached skill level 1 in Evocations
  5585 | D:8      | Reached skill level 9 in Stealth
  5661 | D:8      | Found a staircase to the Lair.
  5665 | D:8      | Noticed a death yak
  5676 | D:8      | Noticed a death yak
  5692 | D:8      | Noticed a death yak
  5693 | D:8      | Noticed a death yak
  5763 | D:9      | Noticed Psyche
  5766 | D:9      | Killed Psyche
  5766 | D:9      | Reached XP level 9. HP: 42/42 MP: 16/16
  5861 | D:9      | Found Usenwef's Antique Armour Shop.
  5880 | D:9      | Found a bloodstained altar of Trog.
  5880 | D:9      | Found a basalt altar of Yredelemnul.
  5881 | D:9      | Found a blossoming altar of Fedhas.
  5914 | D:9      | Reached skill level 10 in Stealth
  5939 | D:9      | Reached skill level 5 in Evocations
  6220 | D:9      | Found Lixetan's General Store.
  6229 | D:9      | Bought a potion of heal wounds for 80 gold pieces
  6264 | D:10     | Entered Level 10 of the Dungeon
  6271 | D:10     | Noticed Fannar
  6475 | D:10     | Reached ** piety under Dithmenos
  6653 | D:10     | Noticed a glowing orange brain
  6653 | D:10     | Noticed a wizard
  6654 | D:10     | Noticed a deep elf mage
  6656 | D:10     | Noticed a troll
  6774 | D:9      | Noticed Maggie
  6995 | D:9      | Found Romed's General Store.
  7065 | D:10     | Noticed a shining eye
  7077 | D:10     | Noticed Sonja
  7079 | D:10     | Killed Sonja
  7079 | D:10     | Reached skill level 12 in Stealth
  7191 | D:10     | Noticed Joseph
  7296 | D:11     | Noticed a cyclops
  7297 | D:11     | Noticed a molten gargoyle
  7298 | D:11     | Noticed a molten gargoyle
  7303 | D:11     | Hit by a large rock thrown by a cyclops

Illustrated notes

Levels and vault maps discovered:
D:1:      dpeg_arrival_erosion, layout_loops_corners
D:2:      layout_rooms, first_ration, minmay_box_of_dots, uniq_natasha
D:3:      layout_loops_ring, gammafunk_ghost_arena, grunt_decor_resistance
D:4:      layout_gridville, nicolae_gozag_zags_fifth_avenue
D:5:      lemuel_ice_spiral_2, layout_basic, uniq_eustachio, uniq_pikel
D:6:      layout_basic, lemuel_altar_in_water
D:7:      layout_loops_ring, minmay_temple_entry_glass
D:8:      minmay_distorted_concentric_squares, layout_gridville,
          dpeg_lair_monsters, trog_three_pillars_becter, uniq_maurice
D:9:      layout_irregular_city, gammafunk_temple_overflow_forgotten,
          serial_shops, nicolae_shop_crystal, shop, nicolae_shop_stone,
          hangedman_ranch [blue_anna_fruit_fields], minmay_misc_feat_columns,
          uniq_maggie, uniq_psyche
D:10:     layout_stronghold, orc_0_dummy, onia_ninara_dug_in_and_dangerous,
          uniq_sonja, uniq_joseph, uniq_fannar
D:11:     layout_cave_pools, gammafunk_ghost_arena, serial_shops, shop,
          minivault_8, uniq_harold
Temple:   hc_temple_tempest_star

Skill      XL: |  1  2  3  4  5  6  7  8  9 |
---------------+----------------------------+-----
Stealth        | 5 6 7 8 9 12 | 12.0
Spellcasting   | 3 4 |  4.3
Hexes          | 4 5 7 8 |  8.1
Fighting       | 2 3 |  3.1
Short Blades   | 3 4 |  4.2
Dodging        | 5 8 |  8.2
Evocations     | 4 6 |  6.0

Action                   |  1- 3 |  4- 6 |  7- 9 || total
-------------------------+-------+-------+-------++-------
Melee: Dagger            |    56 |    53 |   205 ||   314
 Cast: Corona            |     3 |       |       ||     3
       Ensorcelled Hiber |    15 |    22 |    66 ||   103
       Confusing Touch   |       |     2 |     7 ||     9
       Tukima's Dance    |       |     1 |     5 ||     6
  Use: Scroll            |     2 |     9 |     8 ||    19
 Stab: Sleeping          |    16 |    19 |    47 ||    82
       Confused          |       |     2 |     5 ||     7
  Eat: Ration            |       |     1 |     4 ||     5
Armor: Robe              |     5 |     2 |     7 ||    14
Dodge: Dodged            |    54 |    32 |   195 ||   281
